Map: 오토메이턴 - 래더

Players

Bunny

  • Race: Terran Terran
  • Spawn Location: 9:00

soO - Winner!

  • Race: Zerg Zerg
  • Spawn Location: 3:00

Event: IEM Season 13: Katowice (2019)

VOD

Have the link to the VOD?

Description

Time

  • Played on: March 1, 2019, 11:06 a.m.
  • Length: 8:42

All games in this series

Show
View Real Time Build Order
Export as new Build Order

Bunny Terran 

Build Orders: Hellion Opening, Reaper Expand 

Get SALT Encoding   

  12  0:00  SCV  
  13  0:12  SCV  
  14  0:18  Supply Depot  
  14  0:24  SCV  
  15  0:39  SCV  
  15  0:40  Barracks  
  16  0:44  Refinery  
  16  0:51  SCV  
  17  1:03  SCV  
  18  1:15  SCV  
  19  1:27  Reaper, Orbital Command  
  20  1:42  Command Center  
  20  1:53  SCV  
  20  1:54  Supply Depot  
  21  1:59  Marine  
  22  2:05  SCV  
  23  2:09  Factory  
  23  2:17  SCV  
  23  2:19  Refinery  
  23  2:22  Barracks Reactor  
  24  2:29  SCV  
  25  2:41  SCV  
  26  2:53  SCV  
  26  2:54  Starport, Orbital Command  
  27  3:05  SCV, Hellion x2  
  32  3:06  Barracks Tech Lab  
  32  3:17  SCV  
  32  3:19  SCV  
  34  3:26  Hellion x2  
  38  3:27  Supply Depot  
  38  3:29  SCV  
  38  3:32  SCV  
  40  3:34  Marine  
  41  3:41  Viking  
  41  3:43  SCV  
  41  3:44  SCV  
  45  3:49  Hellion x2  
  45  3:50  Supply Depot  
  49  3:57  SCV x2  
  48  4:09  Command Center  
  46  4:10  SCV x2  
  48  4:21  Stimpack  
  48  4:22  SCV x2  
  50  4:26  Barracks  
  50  4:30  Barracks, Factory Reactor  
  50  4:31  Starport Reactor  
  50  4:35  SCV x2  
  50  4:38  Marine, Supply Depot  
  53  4:46  Engineering Bay  
  53  4:48  Engineering Bay, SCV  
  53  4:49  SCV  
  55  4:59  Marine  
  55  5:00  SCV  
  55  5:01  SCV  
  55  5:03  Supply Depot  
  58  5:09  Refinery  
  58  5:10  Refinery  
  58  5:12  SCV  
  58  5:13  Terran Infantry Weapons Level 1, SCV  
  60  5:14  Terran Infantry Armor Level 1  
  60  5:16  Factory Tech Lab  
  60  5:21  Marine x3  
  61  5:22  Orbital Command  
  61  5:23  Marine x2  
  61  5:28  Medivac  
  67  5:29  Medivac  
  67  5:30  SCV  
  67  5:33  SCV  
  71  5:37  Supply Depot  
  71  5:38  Marine  
  71  5:39  Marine x2  
  71  5:40  Marine  
  75  5:43  Siege Tank, Orbital Command  
  75  5:44  SCV  
  75  5:45  SCV  
  80  5:57  SCV  
  81  5:58  SCV  
  81  6:00  Medivac x2  
  81  6:02  Marine x4  
  90  6:06  Marine  
  90  6:08  SCV  
  90  6:09  SCV  
  93  6:15  Siege Tank  
  93  6:16  Armory  
  96  6:19  Barracks  
  96  6:21  Barracks  
  96  6:22  SCV x3  
  93  6:25  Marine  
  93  6:26  Marine x3  
  93  6:32  Combat Shield  
  95  6:35  SCV x3  
  98  6:48  Widow Mine  
  98  6:51  Command Center  
  98  6:52  SCV  
  101  6:54  Factory  
  101  6:55  SCV  
  101  6:59  SCV  
  99  7:02  Supply Depot  
  99  7:03  Supply Depot  
  99  7:04  Refinery, SCV  
  99  7:07  SCV, Supply Depot  
  99  7:17  SCV x2  
  99  7:19  Barracks Reactor  
  101  7:24  Missile Turret, SCV, Marine  
  101  7:26  Barracks Reactor  
  101  7:27  Marine  
  104  7:31  Marine x2  
  104  7:33  Marine  
  107  7:43  Supply Depot  
  109  7:44  Supply Depot  
  109  7:51  Marauder, Marine x4  
  111  7:56  Widow Mine  
  101  7:59  Medivac x2  
  101  8:01  Marine x2  
  101  8:04  Widow Mine  
  100  8:08  Marine  
  100  8:09  Marine x3  
  100  8:12  Marine x3  
  83  8:14  SCV x3  
  83  8:19  Marine x2  
  84  8:22  Factory Reactor  
Show
View Real Time Build Order
Export as new Build Order

soO Zerg - Winner!

Build Orders: Hatch First, Muta Ling Bane 

Get SALT Encoding   

  12  0:00  Drone  
  13  0:12  Overlord  
  13  0:17  Drone  
  14  0:30  Drone x2  
  14  0:34  Drone  
  17  0:52  Hatchery  
  17  0:54  Drone  
  17  0:58  Drone  
  18  1:09  Extractor  
  17  1:12  Spawning Pool  
  17  1:15  Drone  
  17  1:20  Drone  
  18  1:28  Drone  
  19  1:39  Overlord  
  19  1:50  Drone  
  20  1:59  Queen  
  20  2:00  Zergling x2  
  23  2:03  Queen  
  23  2:04  Zergling x2  
  26  2:09  Metabolic Boost  
  26  2:25  Hatchery  
  26  2:29  Drone  
  26  2:31  Drone  
  26  2:35  Drone  
  28  2:38  Drone  
  28  2:40  Drone  
  30  2:46  Drone  
  30  2:50  Queen  
  33  2:56  Overlord  
  33  3:01  Drone x2  
  33  3:03  Drone  
  36  3:15  Drone x2  
  36  3:16  Drone x3  
  41  3:20  Overlord  
  41  3:26  Queen  
  44  3:27  Drone  
  44  3:38  Drone x2  
  44  3:39  Queen  
  48  3:43  Drone x2  
  48  3:45  Zergling x4  
  52  3:57  Overlord x2  
  52  4:03  Overlord  
  52  4:06  Overlord  
  52  4:11  Overlord  
  52  4:14  Queen  
  52  4:16  Drone x3  
  57  4:17  Drone x2  
  57  4:18  Drone  
  59  4:24  Drone x2  
  59  4:25  Lair  
  59  4:27  Drone x2  
  59  4:28  Drone  
  64  4:34  Drone  
  64  4:37  Spore Crawler  
  64  4:38  Zergling x4, Drone  
  65  4:39  Zergling x2  
  65  4:40  Extractor  
  65  4:42  Extractor  
  65  4:45  Drone  
  67  4:46  Baneling Nest  
  67  4:47  Drone x2  
  67  4:51  Drone x3  
  67  4:52  Drone  
  72  4:54  Drone  
  72  4:55  Drone  
  72  4:56  Drone  
  72  4:57  Drone  
  76  5:00  Drone  
  77  5:07  Zergling x2  
  77  5:11  Drone  
  77  5:13  Extractor  
  77  5:14  Extractor  
  76  5:15  Evolution Chamber x2  
  76  5:16  Zergling x4  
  76  5:19  Overlord  
  76  5:22  Drone  
  76  5:24  Drone x4  
  76  5:25  Overlord  
  76  5:28  Overlord  
  81  5:31  Drone  
  81  5:32  Overlord  
  82  5:38  Drone x2  
  82  5:39  Drone x2  
  82  5:41  Extractor  
  82  5:42  Drone  
  86  5:43  Drone, Zerg Ground Armor Level 1, Zerg Melee Weapons Level 1  
  87  5:50  Centrifical Hooks  
  87  5:51  Spire  
  87  5:56  Drone x2  
  87  5:58  Zergling x8  
  87  6:02  Drone  
  92  6:06  Zergling x2  
  92  6:07  Zergling x8  
  97  6:18  Zergling x8  
  101  6:23  Zergling x2  
  101  6:24  Zergling x2  
  98  6:29  Zergling x14  
  105  6:35  Hatchery  
  105  6:37  Zergling x8  
  108  6:42  Overlord  
  108  6:45  Overlord  
  107  6:47  Overlord  
  107  6:51  Overlord  
  107  7:01  Drone x2  
  107  7:04  Mutalisk x4  
  107  7:05  Mutalisk x3  
  107  7:06  Mutalisk  
  124  7:12  Mutalisk  
  124  7:15  Baneling x7  
  126  7:17  Overseer  
  126  7:18  Overseer  
  126  7:19  Hatchery  
  125  7:23  Overlord  
  125  7:24  Mutalisk x2  
  129  7:34  Drone x6  
  134  7:41  Zergling x4  
  135  7:46  Zergling x4  
  137  7:51  Mutalisk x2  
  137  7:53  Zergling x10  
  142  8:00  Zergling x8  
  140  8:09  Zergling x12  
  140  8:12  Mutalisk  

Tags
 
Add a new tag
Caveats
  • Supply blocks, unpowered buildings, or Contaminate may cause inaccurate times.
  • Supply counts are checked every 10 seconds.